 Dungeon Crawl Stone Soup version 0.30.0-30-g96aa6591b8 (webtiles) character file.

Game seed: 17805371360573109240

104 GeoRichter the Sneak (level 4, -2/27 HPs)
             Began as a Vampire Brigand on June 25, 2023.
             Was a Follower of Uskayaw.
             Slain by a quokka (3 damage)
             ... in a sewer on June 26, 2023.
             The game lasted 00:04:46 (1837 turns).

GeoRichter the Sneak (Vampire Brigand)              Turns: 1837, Time: 00:04:46

Health: -2/27      AC:  6    Str: 10    XL:     4   Next: 52%
Magic:  4/4        EV: 10    Int: 13    God:    Uskayaw [*.....]
Gold:   57         SH:  0    Dex: 17    Spells: 3/3 levels left

rFire   . . .        a - +2 dagger
rCold   + + .        (no shield)
rNeg    + + +        h - +0 ring mail
rPois   ∞            (no helmet)
rElec   .            c - +0 cloak
rCorr   .            (no gloves)
SInv    +            (no boots)
Will    .....        (no amulet)
Stlth   +++++        (no ring)
HPRegen 0.00/turn    (no ring)
MPRegen 0.09/turn

%: no passive effects
@: bloodless, inhibited regen
A: bloodless, fangs 3, see invisible, vampiric 2
a: Bat Form, Revivify, Renounce Religion, Stomp


You were in a sewer.
You worshipped Uskayaw.
Uskayaw was noncommittal.
You visited 1 branch of the dungeon, and saw 3 of its levels.
You also visited: Sewer.

You collected 57 gold pieces.

Inventory:

Hand Weapons
 a - a +2 dagger (weapon)
Missiles
 d - 2 poisoned darts (quivered)
 e - 3 curare-tipped darts {!f}
Armour
 b - a +0 robe
 c - a +0 cloak (worn)
 h - a +0 ring mail (worn)
   (You found it on level 1 of the Dungeon)
Jewellery
 o - a +4 ring of protection
   (You found it on level 2 of the Dungeon)
Scrolls
 f - 3 scrolls of teleportation {unknown}
 g - a scroll of fear {unknown}
 i - a scroll of immolation {unknown}
 j - 3 scrolls of identify {unknown}
 k - a scroll of enchant weapon {unknown}
 l - a scroll of magic mapping {unknown}
 p - 2 scrolls of enchant armour {unknown}
 q - a scroll of poison {unknown}
Potions
 m - 3 potions of curing {unknown}
 n - a potion of resistance {unknown}
 r - a potion of mutation {unknown}


   Skills:
 + Level 2.5 Fighting
 * Level 4.3 Short Blades
 - Level 2.0 Throwing
 - Level 1.1 Dodging
 - Level 6.1 Stealth


You had 3 spell levels left.
You didn't know any spells.
Your spell library was empty.

Dungeon Overview and Level Annotations

Branches:
Dungeon (3/15) Zot: 16287   Sewer (1/1) Zot: 5890

Altars:
Uskayaw


Innate Abilities, Weirdness & Mutations

You do not regenerate when monsters are visible.
You are frail without blood (-20% HP).
You can heal yourself when you bite living creatures.
You are immune to poison.
You have razor-sharp teeth.
You have supernaturally acute eyesight. (SInv)
You are afflicted with vampirism and can become a bat while bloodless.


Message History

The ball python constricts you. The quokka bites you.
You hit the ball python.
The ball python is moderately wounded.
The ball python barely misses you. The ball python constricts you.
The quokka barely misses you.
You hit the ball python but do no damage.
You bite the ball python.
You kill the ball python!
The quokka bites you but does no damage.
You hit the quokka but do no damage. Your bite misses the quokka.
You closely miss the quokka. The quokka barely misses you.
The quokka bites you.
* * * LOW HITPOINT WARNING * * *
You barely miss the quokka.
The quokka splashes around in the water.
The quokka bites you but does no damage.
You hit the quokka but do no damage. The quokka bites you.
* * * LOW HITPOINT WARNING * * *
You hit the quokka but do no damage. The quokka bites you.
* * * LOW HITPOINT WARNING * * *
The quokka barely misses you.
You closely miss the quokka. The quokka bites you.
* * * LOW HITPOINT WARNING * * *
The quokka bites you but does no damage.
You hit the quokka but do no damage.
The quokka bites you but does no damage.
The quokka bites you.
* * * LOW HITPOINT WARNING * * *
The frilled lizard hisses angrily.
You hit the quokka.
The quokka is severely wounded.
The quokka barely misses you. The quokka misses you.
Unknown command.
You barely miss the quokka.
The quokka is severely wounded.
The quokka bites you but does no damage.
The quokka barely misses you.
You hit the quokka.
The quokka is almost dead.
The quokka barely misses you.
The quokka bites you but does no damage.
You barely miss the quokka.
The quokka is almost dead.
The quokka bites you.
* * * LOW HITPOINT WARNING * * *
The quokka misses you.
You closely miss the quokka.
The quokka is almost dead.
The quokka bites you.
You die...

#############
#####.~~~~~~~~~~#
###.∩..~~.†~.~~~~~#
##~...~#########.~.#
#∩~.####~.~~.~.~~~.#
#####.(~~#####~~~~~#
##.~~~~~~# #######
#~~r@~#### #~.~r###
#~~~~# #~.l# #~~~~
#..~ #(~ #~.


You could see 2 quokkas and a frilled lizard.

Vanquished Creatures
  3 adders (D:2)
  A worm (D:3)
  2 dart slugs (D:1)
  4 orcs
  6 bats
  8 endoplasms
  3 giant cockroaches (Sewer)
  3 hobgoblins (D:1)
  3 jackals (D:1)
  4 kobolds (D:1)
  A quokka (Sewer)
  4 ball pythons
  7 frilled lizards
  9 goblins
  5 rats
63 creatures vanquished.

Notes
Turn   | Place    | Note
-------+----------+-------------------------------------------
     0 | D:1      | GeoRichter the Vampire Brigand began the quest for the Orb.
     0 | D:1      | Reached XP level 1. HP: 16/16 MP: 1/1
    62 | D:1      | Reached skill level 6 in Stealth
    76 | D:1      | Reached XP level 2. HP: 22/22 MP: 2/2
   512 | D:1      | Gained mutation: You are afflicted with vampirism and can
                  | become a bat while bloodless. [Vampire growth]
   512 | D:1      | Reached XP level 3. HP: 21/21 MP: 3/3
  1228 | D:2      | Upgraded the game from 0.30.0-29-ga12c61a403 to
                  | 0.30.0-30-g96aa6591b8
  1308 | D:2      | Reached XP level 4. HP: 25/26 MP: 4/4
  1517 | D:2      | Found a hide-covered altar of Uskayaw.
  1538 | D:2      | Became a worshipper of Uskayaw the Reveller
  1696 | D:3      | Found a glowing drain.
  1699 | D:3      | Reached * piety under Uskayaw
  1730 | Sewer    | Entered a sewer
  1836 | Sewer    | HP: 1/27 [quokka (2)]
  1837 | Sewer    | Slain by a quokka

Illustrated notes

Levels and vault maps discovered:
D:1:      dpeg_arrival_morbid_curiosity, layout_basic, serial_forest,
          infiniplex_forest_lined_room_3, infiniplex_forest_zigzag_1,
          infiniplex_forest_lined_room_3, infiniplex_forest_lined_room_,
          infiniplex_forest_clump_curved, infiniplex_forest_fountain,
          infiniplex_forest_3_way, grunt_decor_cap
D:2:      layout_rooms, basic_altar
D:3:      layout_basic, cheibrodos_sewer_entry_drain, uniq_crazy_yiuf_cottage
Sewer:    sewer_frog_island_02

Skill      XL: |  1  2  3  4 |
---------------+-------------+-----
Stealth        | 6 |  6.1
Short Blades   | 3 4 |  4.3
Throwing       | 2 |  2.0
Fighting       | 2 |  2.5
Dodging        | |  1.1

Action                     |  1- 3 |  4- 6 || total
---------------------------+-------+-------++-------
  Melee: Dagger            |    94 |    58 ||   152
         Bite              |    10 |     3 ||    13
         Punch             |     1 |     1 ||     2
  Throw: Dart              |       |    24 ||    24
Ability: Exsanguinate      |     1 |       ||     1
   Stab: Sleeping          |    16 |     2 ||    18
 Armour: Robe              |     5 |       ||     5
         Ring mail         |    19 |    16 ||    35
  Dodge: Dodged            |    35 |    18 ||    53
